 Dungeon Crawl Stone Soup version 0.21-a0-498-g1b60429 (webtiles) character file.

849 tidbits the Insei (level 8, -4/67 HPs)
             Began as a Gnoll Monk on Nov 24, 2017.
             Was a Believer of Cheibriados.
             Slain by an orc
             ... wielding a +0 trident
              (8 damage)
             ... on level 6 of the Dungeon.
             The game lasted 00:08:16 (1254 turns).

tidbits the Insei (Gnoll Monk)                      Turns: 1254, Time: 00:08:17

Health: -4/67      AC:  3    Str: 18    XL:     8   Next: 1%
Magic:  12/12      EV: 18    Int: 21    God:    Cheibriados [**....]
Gold:   129        SH:  0    Dex: 22    Spells: 12/12 levels left

rFire    . . .     SeeInvis .     - Unarmed
rCold    . . .     Gourm    .   (no shield)
rNeg     . . .     Faith    .   B - +0 robe (curse)
rPois    .         Spirit   .   E - +0 helmet
rElec    .         Reflect  .   (no cloak)
rCorr    .         Harm     .   (no gloves)
MR       .....                  (no boots)
Stlth    ++........             (no amulet)
HPRegen  0.21/turn              i - ring of loudness (curse)
MPRegen  0.13/turn              (no ring)

@: very slow
A: distributed training, fangs 1, strong nose
a: Bend Time, Renounce Religion


You were on level 6 of the Dungeon.
You worshipped Cheibriados.
Cheibriados was pleased with you.
You were not hungry.

You visited 1 branch of the dungeon, and saw 6 of its levels.
You also visited: Sewer.

You collected 129 gold pieces.

Inventory:

Hand Weapons
 c - a +0 scythe
 h - a +1 hand axe of venom
   (You found it in a sewer)
Missiles
 d - 74 stones (quivered)
 l - 17 arrows
Armour
 a - a +0 robe
 B - a cursed +0 robe (worn)
 E - a +0 helmet (worn)
Jewellery
 i - a cursed ring of loudness (left hand)
   (You found it on level 3 of the Dungeon)
Wands
 f - a wand of acid (1)
 q - a wand of iceblast (10)
Scrolls
 e - a scroll of identify {unknown}
 g - 3 scrolls of teleportation
 m - 2 scrolls of fear {unknown}
 n - a scroll of fog {unknown}
 p - 2 scrolls of remove curse {unknown}
Potions
 r - a potion of haste {unknown}
Comestibles
 b - 2 bread rations
 j - 2 meat rations
 k - 2 royal jellies
 o - 3 chunks of flesh


   Skills:
 + Level 7.1 Fighting
 + Level 2.8 Short Blades
 + Level 2.8 Long Blades
 + Level 2.8 Axes
 + Level 2.8 Maces & Flails
 + Level 2.8 Polearms
 + Level 2.8 Staves
 + Level 2.8 Slings
 + Level 2.8 Bows
 + Level 2.8 Crossbows
 + Level 2.8 Throwing
 + Level 2.8 Armour
 + Level 7.1 Dodging
 + Level 5.1 Stealth
 + Level 2.8 Shields
 + Level 7.1 Unarmed Combat
 + Level 2.8 Spellcasting
 + Level 2.2 Conjurations
 + Level 2.2 Hexes
 + Level 2.2 Charms
 + Level 2.2 Summonings
 + Level 2.2 Necromancy
 + Level 2.2 Translocations
 + Level 2.2 Transmutations
 + Level 2.2 Fire Magic
 + Level 2.2 Ice Magic
 + Level 2.2 Air Magic
 + Level 2.2 Earth Magic
 + Level 2.2 Poison Magic
 + Level 3.1 Invocations
 + Level 2.8 Evocations


You had 12 spell levels left.
You didn't know any spells.

Dungeon Overview and Level Annotations

Branches:
Dungeon (6/15)
 Temple: D:4-7

Altars:
Cheibriados
Kikubaaqudgha
Qazlal
Vehumet
Zin


Innate Abilities, Weirdness & Mutations

Your experience applies equally to all skills.
You have very sharp teeth.
Your uncanny sense of smell can sniff out nearby items.


Message History

You feel sick.
You feel sick.
You feel sick.
You feel sick.
You feel sick.
You are no longer poisoned.
Things that are here:
a giant spiked club; an ogre corpse You butcher the ogre corpse.
o - 4 chunks of flesh
Things that are here:
a giant spiked club; an ogre skeleton Eat one of 4 chunks of flesh? (ye/n/q)
You eat one of the 4 chunks of flesh.
This raw flesh tastes terrible.
You feel a little less agile now.
Found 16 gold pieces.
Found a dagger.
Found a stone staircase leading down.
Found a robe.
r - an inky potion You now have 115 gold pieces (gained 16).
There is a stone staircase leading down here.
You climb downwards.
There is a stone staircase leading up here.
A shadow imp comes into view.
Found 14 gold pieces.
The shadow imp gestures at you. Pain shoots through your body!
* * * LOW HITPOINT WARNING * * *
The shadow imp gestures at you.
You struggle to resist.
Wield which item (- for none, * to show all)? (? for menu, Esc to quit)
Your +1 hand axe of venom stops dripping with poison.
You are now empty-handed.
The shadow imp misses you.
You punch the shadow imp!
You kill the shadow imp!
Cheibriados appreciates the change of pace.
Cheibriados raises the support of your attributes as your movement slows.
Your Invocations skill increases to level 3!
You now have 129 gold pieces (gained 14).
j - 2 meat rations (gained 1)
You open the door.
A quokka and a black bear come into view.
The black bear growls angrily.
Found a stone staircase leading up.
Evoke which item? (* to show all) (? for menu, Esc to quit)
Okay, then.
Evoke which item? (* to show all) (? for menu, Esc to quit)
Aiming: Iceblast
Press: ? - help, Shift-Dir - straight line, f - black bear
Aim: a black bear The mass of ice explodes!
The iceblast engulfs the black bear.
The black bear is severely wounded.
You hear a bark! x3
Evoke which item? (* to show all) (? for menu, Esc to quit)
Aiming: Iceblast
Press: ? - help, Shift-Dir - straight line, f/p - black bear
Aim: a black bear (severely wounded)
The mass of ice explodes!
The iceblast engulfs the black bear.
The black bear is severely wounded.
The iceblast engulfs the quokka.
You kill the quokka!
Cheibriados appreciates the change of pace.
You closely miss the black bear.
The black bear is severely wounded.
The black bear barely misses you. The black bear claws you.
* * * LOW HITPOINT WARNING * * *
The black bear closely misses you.
You hit the black bear but do no damage.
The black bear is severely wounded.
The black bear bites you.
* * * LOW HITPOINT WARNING * * *
The black bear claws you.
* * * LOW HITPOINT WARNING * * *
The black bear completely misses you.
You punch the black bear!
You kill the black bear!
Cheibriados thoroughly appreciates the change of pace.
You have reached level 8!
You feel clever.
As you read the scroll labeled TAXEYJ QUSI, it crumbles to dust.
You feel strangely unstable.
It was a scroll of teleportation.
A hound comes into view.
Your surroundings suddenly seem different.
An orc comes into view. It is wielding a hand axe.
The orc shouts!
An orc comes into view.
The orc shouts!
You hear a shout!
The orc barely misses you. The orc misses you.
The orc jeers loudly.
The orc barely misses you. The orc hits you with a trident.
* * * LOW HITPOINT WARNING * * *
An orc and a skeleton come into view.
Okay, then.
The orc closely misses you. The orc barely misses you. x2
The orc hits you from afar with a trident.
* * * LOW HITPOINT WARNING * * *
The orc misses you. The orc hits you with a hand axe.
* * * LOW HITPOINT WARNING * * *
The orc hits you from afar with a trident!
You die...

## ### . #..
.# #.# ..#
#.##..#
.######@....#
.......oo##.#
......oZ.#
.........#
.........#
.........#
.........#
.........# ∆
.........#


You could see 3 orcs and a howler monkey skeleton.

Vanquished Creatures
  Sigmund (D:2)
  Menkaure (D:4)
  A black bear (D:6)
  An ogre (D:5)
  2 bullfrogs (Sewer)
  A scorpion (D:5)
  A crimson imp (D:5)
  Ijyb (D:3)
  A worker ant (D:5)
  3 gnolls (D:4)
  6 adders
  A river rat (D:3)
  2 shadow imps
  An ooze (D:4)
  2 worms
  A dart slug (D:4)
  4 leopard geckos
  7 giant cockroaches
  A goblin (D:1)
  2 hobgoblins
  A quokka (D:6)
  2 ball pythons
  3 bats
  2 frilled lizards (Sewer)
  2 kobolds
  6 rats
56 creatures vanquished.

Notes
Turn   | Place    | Note
-------+----------+-------------------------------------------
     0 | D:1      | tidbits the Gnoll Monk began the quest for the Orb.
     0 | D:1      | Reached XP level 1. HP: 23/23 MP: 1/1
   189 | D:2      | Reached XP level 2. HP: 21/29 MP: 2/2
   205 | D:2      | Found a radiant altar of Vehumet.
   205 | D:2      | Found an ancient bone altar of Kikubaaqudgha.
   206 | D:2      | Found a stormy altar of Qazlal.
   242 | D:2      | Found a glowing silver altar of Zin.
   259 | D:2      | Noticed Sigmund
   279 | D:2      | Killed Sigmund
   279 | D:2      | Reached skill level 1 in Short Blades
   279 | D:2      | Reached skill level 1 in Long Blades
   279 | D:2      | Reached skill level 1 in Axes
   279 | D:2      | Reached skill level 1 in Maces & Flails
   279 | D:2      | Reached skill level 1 in Polearms
   279 | D:2      | Reached skill level 1 in Staves
   279 | D:2      | Reached skill level 1 in Slings
   279 | D:2      | Reached skill level 1 in Bows
   279 | D:2      | Reached skill level 1 in Crossbows
   279 | D:2      | Reached skill level 1 in Throwing
   279 | D:2      | Reached skill level 1 in Armour
   279 | D:2      | Reached skill level 1 in Shields
   279 | D:2      | Reached skill level 1 in Spellcasting
   279 | D:2      | Reached skill level 1 in Conjurations
   279 | D:2      | Reached skill level 1 in Hexes
   279 | D:2      | Reached skill level 1 in Charms
   279 | D:2      | Reached skill level 1 in Summonings
   279 | D:2      | Reached skill level 1 in Necromancy
   279 | D:2      | Reached skill level 1 in Translocations
   279 | D:2      | Reached skill level 1 in Transmutations
   279 | D:2      | Reached skill level 1 in Fire Magic
   279 | D:2      | Reached skill level 1 in Ice Magic
   279 | D:2      | Reached skill level 1 in Air Magic
   279 | D:2      | Reached skill level 1 in Earth Magic
   279 | D:2      | Reached skill level 1 in Poison Magic
   279 | D:2      | Reached skill level 1 in Invocations
   279 | D:2      | Reached skill level 1 in Evocations
   279 | D:2      | Reached XP level 3. HP: 24/35 MP: 2/5
   279 | D:2      | Reached XP level 4. HP: 28/41 MP: 2/6
   279 | D:2      | Reached XP level 5. HP: 33/47 MP: 2/7
   342 | D:3      | Noticed Ijyb
   371 | D:3      | Found a glowing drain.
   410 | Sewer    | Entered a sewer
   600 | Sewer    | Reached skill level 2 in Invocations
   600 | Sewer    | Reached XP level 6. HP: 38/53 MP: 8/8
   610 | Sewer    | Reached skill level 2 in Short Blades
   610 | Sewer    | Reached skill level 2 in Long Blades
   610 | Sewer    | Reached skill level 2 in Axes
   610 | Sewer    | Reached skill level 2 in Maces & Flails
   610 | Sewer    | Reached skill level 2 in Polearms
   610 | Sewer    | Reached skill level 2 in Staves
   610 | Sewer    | Reached skill level 2 in Slings
   610 | Sewer    | Reached skill level 2 in Bows
   610 | Sewer    | Reached skill level 2 in Crossbows
   610 | Sewer    | Reached skill level 2 in Throwing
   610 | Sewer    | Reached skill level 2 in Armour
   610 | Sewer    | Reached skill level 2 in Shields
   610 | Sewer    | Reached skill level 2 in Spellcasting
   610 | Sewer    | Reached skill level 2 in Evocations
   801 | D:3      | Killed Ijyb
   948 | D:4      | Found a snail-covered altar of Cheibriados.
   962 | D:4      | Became a worshipper of Cheibriados the Contemplative
   962 | D:4      | Reached * piety under Cheibriados
   962 | D:4      | Reached ** piety under Cheibriados
   975 | D:4      | Noticed Menkaure
   978 | D:4      | Killed Menkaure
   978 | D:4      | Reached skill level 7 in Fighting
   978 | D:4      | Reached skill level 7 in Dodging
   978 | D:4      | Reached skill level 7 in Unarmed Combat
   978 | D:4      | Reached XP level 7. HP: 47/60 MP: 10/10
  1099 | D:5      | Entered Level 5 of the Dungeon
  1111 | D:5      | Reached skill level 2 in Conjurations
  1111 | D:5      | Reached skill level 2 in Hexes
  1111 | D:5      | Reached skill level 2 in Charms
  1111 | D:5      | Reached skill level 2 in Summonings
  1111 | D:5      | Reached skill level 2 in Necromancy
  1111 | D:5      | Reached skill level 2 in Translocations
  1111 | D:5      | Reached skill level 2 in Transmutations
  1111 | D:5      | Reached skill level 2 in Fire Magic
  1111 | D:5      | Reached skill level 2 in Ice Magic
  1111 | D:5      | Reached skill level 2 in Air Magic
  1111 | D:5      | Reached skill level 2 in Earth Magic
  1111 | D:5      | Reached skill level 2 in Poison Magic
  1133 | D:5      | Reached skill level 5 in Stealth
  1236 | D:6      | Reached skill level 3 in Invocations
  1249 | D:6      | Reached XP level 8. HP: 10/67 MP: 12/12
  1254 | D:6      | HP: 5/67 [orc/trident (4)]
  1254 | D:6      | Slain by an orc

Vault maps used:
D:1:      mushboom_english_gardens
D:2:      nicolae_overflow_quartered_altars, minmay_ruptured, uniq_sigmund
D:3:      nicolae_overflow_crystal_walls, portal_sewer_entry_c,
          grunt_ministairs_6, minmay_close_crescents, uniq_ijyb
D:4:      kennysheep_slug_shrine, first_bread,
          eino_small_chamber_without_monster, tgw_fedhas, uniq_menkaure,
          uniq_blork_the_orc
D:5:      overflow_temple_1_default, grunt_gozag_breadcrumbs, serial_shops,
          nicolae_shop_window_shopping
D:6:      cheibrodos_fertilizer, lemuel_doored_altar, basic_altar, serial_shops,
          shop, shop, uniq_grinder
Sewer:    sewer_frog_island_01

Skill      XL: |  1  2  3  4  5  6  7 |
---------------+----------------------+-----
Short Blades   | 1 2 |  2.8
Long Blades    | 1 2 |  2.8
Axes           | 1 2 |  2.8
Maces & Flails | 1 2 |  2.8
Polearms       | 1 2 |  2.8
Staves         | 1 2 |  2.8
Slings         | 1 2 |  2.8
Bows           | 1 2 |  2.8
Crossbows      | 1 2 |  2.8
Throwing       | 1 2 |  2.8
Armour         | 1 2 |  2.8
Shields        | 1 2 |  2.8
Spellcasting   | 1 2 |  2.8
Conjurations   | 1 2 |  2.2
Hexes          | 1 2 |  2.2
Charms         | 1 2 |  2.2
Summonings     | 1 2 |  2.2
Necromancy     | 1 2 |  2.2
Translocations | 1 2 |  2.2
Transmutations | 1 2 |  2.2
Fire Magic     | 1 2 |  2.2
Ice Magic      | 1 2 |  2.2
Air Magic      | 1 2 |  2.2
Earth Magic    | 1 2 |  2.2
Poison Magic   | 1 2 |  2.2
Invocations    | 1 2 3 |  3.1
Evocations     | 1 2 |  2.8
Fighting       | 7 |  7.1
Dodging        | 7 |  7.1
Unarmed Combat | 7 |  7.1
Stealth        | 5 |  5.1

Action                   |  1- 3 |  4- 6 |  7- 9 || total
-------------------------+-------+-------+-------++-------
Melee: Unarmed           |    40 |    82 |     4 ||   126
       Bite              |     5 |    18 |     5 ||    28
       Punch             |     1 |     3 |       ||     4
       Hand axe          |       |    31 |    25 ||    56
Evoke: Wand              |       |     1 |     6 ||     7
  Use: Potion            |       |     1 |     1 ||     2
       Scroll            |       |       |     1 ||     1
 Stab: Sleeping          |     2 |     2 |     1 ||     5
  Eat: Chunk             |       |       |     1 ||     1
Armor: Robe              |     1 |    10 |     1 ||    12
Dodge: Dodged            |    20 |   101 |    28 ||   149

Table legend:
 A = Spawn XP
 B = Non-spawn XP
 C = Spawn XP percentage of total XP
 D = Spawn monster count
 E = Non-spawn monster count
 F = Spawn count percentage of total count
 G = Total turns spent on level
                    A         B        C        D         E        F      G
               +---------+---------+-------+---------+---------+-------+---------
         Total |       0 |    1214 |   0.0 |       0 |      56 |   0.0 |  1254
               +---------+---------+-------+---------+---------+-------+---------
           D:1 |       0 |       6 |   0.0 |       0 |       4 |   0.0 |   175
           D:2 |       0 |     220 |   0.0 |       0 |       6 |   0.0 |   180
           D:3 |       0 |      90 |   0.0 |       0 |      14 |   0.0 |   291
           D:4 |       0 |     238 |   0.0 |       0 |       7 |   0.0 |   198
           D:5 |       0 |     275 |   0.0 |       0 |       5 |   0.0 |   131
           D:6 |       0 |     144 |   0.0 |       0 |       3 |   0.0 |    24
         Sewer |       0 |     241 |   0.0 |       0 |      17 |   0.0 |   255
               +---------+---------+-------+---------+---------+-------+---------

Table legend:
 A = Turns spent in this place as a percentage of turns spent in the entire game.
 B = Non-inter-level travel turns spent in this place as a percentage of non-inter-level travel turns spent in the entire game.
 C = Inter-level travel turns spent in this place as a percentage of turns spent in this place.
 D = Turns resting spent in this place as a percentage of non-inter-level travel turns spent in this place.
 E = Turns spent auto-exploring this place as a percentage of non-inter-level travel turns spent in this place.
 F = Non-inter-level travel turns spent in this place divided by the number of levels of this place that you've seen.
                   A       B       C       D       E      F
               +-------+-------+-------+-------+-------+----------------------
         Total | 100.0 | 100.0 |   0.0 |   0.0 |   0.0 | 179.1
       Dungeon |  79.7 |  79.7 |   0.0 |   0.0 |   0.0 | 166.5
         Sewer |  20.3 |  20.3 |   0.0 |   0.0 |   0.0 | 255.0
               +-------+-------+-------+-------+-------+----------------------

Table legend:
 A = Kills in this place as a percentage of kills in entire the game.
 B = Kills by you in this place as a percentage of kills by you in the entire game.
 C = Kills by friends in this place as a percentage of kills by friends in the entire game.
 D = Other kills in this place as a percentage of other kills in the entire game.
 E = Experience gained in this place as a percentage of experience gained in the entire game.
 F = Experience gained in this place divided by the number of levels of this place that you have seen.
                   A       B       C       D       E      F
               +-------+-------+-------+-------+-------+----------------------
         Total | 100.0 | 100.0 |   N/A |   N/A | 100.0 | 173.4
       Dungeon |  69.6 |  69.6 |   N/A |   N/A |  80.1 | 162.2
         Sewer |  30.4 |  30.4 |   N/A |   N/A |  19.9 | 241.0
               +-------+-------+-------+-------+-------+----------------------

Vault maps used:
D:1:      mushboom_english_gardens
D:2:      nicolae_overflow_quartered_altars, minmay_ruptured, uniq_sigmund
D:3:      nicolae_overflow_crystal_walls, portal_sewer_entry_c,
          grunt_ministairs_6, minmay_close_crescents, uniq_ijyb
D:4:      kennysheep_slug_shrine, first_bread,
          eino_small_chamber_without_monster, tgw_fedhas, uniq_menkaure,
          uniq_blork_the_orc
D:5:      overflow_temple_1_default, grunt_gozag_breadcrumbs, serial_shops,
          nicolae_shop_window_shopping
D:6:      cheibrodos_fertilizer, lemuel_doored_altar, basic_altar, serial_shops,
          shop, shop, uniq_grinder
Sewer:    sewer_frog_island_01
